 Dungeon Crawl Stone Soup version 0.28.0-47-ge53b351184 (webtiles) character file.

Game seed: 16799579077906521664

1934 Gabide the Magician (level 8, -1/62 HPs)
             Began as a Mummy Necromancer on Apr 28, 2022.
             Was an Initiate of Kikubaaqudgha.
             Slain by a two-headed ogre
             ... wielding a +0 giant club
              (21 damage)
             ... on level 7 of the Dungeon.
             The game lasted 00:14:17 (10196 turns).

Gabide the Magician (Mummy Necromancer)            Turns: 10196, Time: 00:14:17

Health: -1/62      AC:  6    Str: 11    XL:     8   Next: 97%
Magic:  5/18       EV: 13    Int: 16    God:    Kikubaaqudgha [......]
Gold:   390        SH:  0    Dex: 13    Spells: 6/21 levels left

rFire   x . .      SeeInvis +   d - +1 dagger (protect)
rCold   + . .      Faith    +   (no shield)
rNeg    + + +      Spirit   .   a - +0 robe
rPois   ∞          Reflect  .   l - +2 helmet
rElec   .          Harm     .   (no cloak)
rCorr   .          Rampage  .   (no gloves)
Will    +....                   f - +0 pair of boots
Stlth   ++........              c - amulet of faith
HPRegen 0.20/turn               i - ring of see invisible
MPRegen 0.16/turn               (no ring)

@: on blink cooldown, very slightly contaminated
A: cold resistance 1, negative energy resistance 3, torment resistance 2, heat
vulnerability 1, no potions
a: Renounce Religion


You were on level 7 of the Dungeon.
You worshipped Kikubaaqudgha.
Kikubaaqudgha was noncommittal.
You visited 2 branches of the dungeon, and saw 9 of its levels.

You collected 390 gold pieces.

Inventory:

Hand Weapons
 d - a +1 dagger of protection (weapon)
 m - a +3 dagger of venom
 p - a +1 spear of venom
Armour
 a - a +0 robe (worn)
 f - a +0 pair of boots (worn)
 l - a +2 helmet (worn)
Magical Staves
 b - a staff of conjuration
Jewellery
 c - an amulet of faith (around neck)
 i - a ring of see invisible (left hand)
Wands
 j - a wand of iceblast (7)
 k - a wand of polymorph (10)
 r - a wand of acid (5)
Scrolls
 e - 2 scrolls of amnesia
 g - 3 scrolls of teleportation
 h - a scroll of noise {unknown}
 n - 3 scrolls of enchant weapon
 o - a scroll of torment {unknown}
 q - a scroll of immolation {unknown}
 s - 2 scrolls of identify
 t - a scroll of silence {unknown}


   Skills:
 * Level 5.3 Fighting
 * Level 4.8 Dodging
 + Level 3.8 Stealth
 * Level 7.0 Spellcasting
 * Level 6.8 Necromancy


You had 6 spell levels left.
You knew the following spells:

 Your Spells              Type           Power      Damage    Failure   Level
a - Pain                  Necr           100%       1d9       1%          1
b - Vampiric Draining     Necr           27%        2d7       2%          3
c - Animate Dead          Necr           13%        N/A       8%          4
d - Agony                 Necr           27%        N/A       21%         5
e - Blink                 Tloc           10%        N/A       19%         2

Your spell library contained the following spells:

 Spells                   Type           Power      Damage    Failure   Level
 Animate Skeleton         Necr           54%        N/A       1%          1
 Static Discharge         Conj/Air       5%         N/A       19%         2
 Lesser Beckoning         Tloc           5%         N/A       36%         3
 Lightning Bolt           Conj/Air       2%         1d14      98%         5
 Manifold Assault         Tloc           5%         N/A       98%         5
 Maxwell's Capacitive Co  Air            2%         ∞         100%        8


Dungeon Overview and Level Annotations

Branches:
Dungeon (8/15)             Temple (1/1) D:7
   Lair: D:8-11

Altars:
Ashenzari
Cheibriados
Dithmenos
Elyvilon
Fedhas
Gozag
Hepliaklqana
Kikubaaqudgha
Makhleb
Nemelex Xobeh
Qazlal
Ru
Trog
Uskayaw
Vehumet
Wu Jian
Xom
Yredelemnul
Zin
The Shining One

Shops:
D:2 !

Annotations:
D:3 3 runed translucent doors, Omnilove's ghost, weakling OpVM; Sverke's ghost, amateur FoFi


Innate Abilities, Weirdness & Mutations

You are immune to poison.
Your flesh is cold resistant. (rC+)
You are immune to negative energy. (rN+++)
You are immune to unholy pain and torment.
You are vulnerable to heat. (rF-)
You do not drink.


Message History

You climb upwards.
There is a stone staircase leading down here.
You start waiting.
Done waiting.
You climb downwards.
There is a stone staircase leading up here.
Casting: Vampiric Draining (dangerous; 2% risk of failure)
Confirm with . or Enter, or press ? or * to list all spells.
The spell is quite dangerous to miscast (21% risk of failure)!
Continue anyway?
Aiming: Agony (quite dangerous; 21% risk of failure)
Press: ? - help, Shift-Dir - straight line, f - two-headed ogre
Aim: a two-headed ogre, wielding two +0 giant clubs (asleep, chance to affect: 81%)
The two-headed ogre shouts in stereo!
The two-headed ogre barely resists.
The two-headed ogre closely misses you. x2
Casting: Agony (quite dangerous; 21% risk of failure)
Confirm with . or Enter, or press ? or * to list all spells.
The spell is quite dangerous to miscast (21% risk of failure)!
Continue anyway?
Aiming: Agony (quite dangerous; 21% risk of failure)
Press: ? - help, Shift-Dir - straight line, f/p - two-headed ogre
Aim: a two-headed ogre, wielding two +0 giant clubs (chance to affect: 81%)
The two-headed ogre convulses!
The two-headed ogre hits you with a +0 giant club!!
The two-headed ogre hits you with a +0 giant club!
You climb upwards.
There is a stone staircase leading down here.
Okay, then.
Okay, then.
Casting: Agony (quite dangerous; 21% risk of failure)
Confirm with . or Enter, or press ? or * to list all spells.
You miscast Blink.
You are very lightly contaminated with residual magic.
Nothing appears to happen.
The two-headed ogre completely misses you.
The two-headed ogre closely misses you.
Casting: Blink (safe; 19% risk of failure)
Confirm with . or Enter, or press ? or * to list all spells.
You blink.
The two-headed ogre hits you with a +0 giant club!!
You die...
Kikubaaqudgha rasps: "You have failed me!
Welcome... oblivion!"

..##.....##.....#.....#..........
..#########.....#.....#..........
.........###'####.....#..........
.........#............#..........
.........#............#..........
..#####'##............#########'#
..##.....#.......................
.........#.......................
.........'......@................
.........#.....O.>...............
#........#.......................
..#############......############
..# #......# ..# #......# ..#
#......# ..# #......# ###
#......#


You could see a two-headed ogre.

Vanquished Creatures
  2 sky beasts (D:7)
  3 ice beasts
  A necrophage (D:5)
  2 ogres
  A centaur (D:6)
  A gnoll sergeant (D:6)
  3 scorpions
  A water moccasin zombie (D:5)
  2 centaur zombies
  A howler monkey (D:7)
  A bullfrog zombie (D:5)
  2 orc priests
  A gnoll shaman (D:6)
  2 hounds
  2 centaur skeletons (D:7)
  4 iguanas
  3 orc wizards
  A hound skeleton (D:5)
  A howler monkey zombie (D:7)
  8 gnolls
  10 adders
  2 shadow imps
  2 adder skeletons (D:4)
  A worm (D:2)
  2 dart slugs (D:3)
  17 orcs
  6 ball pythons
  7 endoplasms
  2 giant cockroaches
  6 goblins
  5 hobgoblins
  4 jackals (D:2)
  3 bats
  5 frilled lizards
  9 kobolds
  3 rats
126 creatures vanquished.

Vanquished Creatures (others)
  10 plants (D:3)
  5 withered plants (D:3)
15 creatures vanquished.

Grand Total: 141 creatures vanquished

Notes
Turn   | Place    | Note
-------+----------+-------------------------------------------
     0 | D:1      | Gabide the Mummy Necromancer began the quest for the Orb.
     0 | D:1      | Reached XP level 1. HP: 13/13 MP: 4/4
   547 | D:1      | Reached XP level 2. HP: 20/20 MP: 3/5
   741 | D:1      | Found a faded altar of an unknown god.
   895 | D:2      | Found Rytibecw's Distillery.
   935 | D:2      | Reached skill level 3 in Spellcasting
   945 | D:2      | Reached skill level 1 in Fighting
  1122 | D:2      | Reached XP level 3. HP: 26/26 MP: 1/7
  2231 | D:3      | Reached XP level 4. HP: 32/32 MP: 6/9
  2268 | D:3      | Learned a level 3 spell: Vampiric Draining
  2573 | D:3      | Found a runed translucent gate.
  2573 | D:3      | Found a runed translucent gate.
  2574 | D:3      | Found a runed translucent gate.
  2580 | D:3      | Noticed Sverke's ghost (amateur FoFi)
  2580 | D:3      | Noticed Omnilove's ghost (weakling OpVM)
  3374 | D:4      | Reached XP level 5. HP: 5/38 MP: 0/10
  3926 | D:4      | Reached skill level 4 in Spellcasting
  4256 | D:4      | Reached XP level 6. HP: 42/46 MP: 5/12
  4342 | D:4      | Learned a level 4 spell: Animate Dead
  4348 | D:4      | Learned a level 5 spell: Agony
  4414 | D:4      | Reached skill level 5 in Necromancy
  4988 | D:5      | Entered Level 5 of the Dungeon
  5594 | D:5      | Reached XP level 7. HP: 45/52 MP: 14/14
  5682 | D:5      | Reached skill level 5 in Spellcasting
  5896 | D:5      | Learned a level 2 spell: Blink
  6951 | D:6      | Reached XP level 8. HP: 58/60 MP: 6/16
  7369 | D:6      | Reached skill level 6 in Spellcasting
  8922 | D:7      | Found a staircase to the Ecumenical Temple.
  8931 | Temple   | Entered the Ecumenical Temple
  9082 | Temple   | Became a worshipper of Kikubaaqudgha
  9495 | D:7      | Reached skill level 5 in Fighting
  9775 | D:7      | Reached skill level 7 in Spellcasting
 10085 | D:8      | Noticed a two-headed ogre
 10196 | D:7      | Slain by a two-headed ogre

Illustrated notes

Levels and vault maps discovered:
D:1:      zelgadis_glass_arrival_small, layout_loops_ring,
          basic_ecumenical_altar, minmay_domino_2
D:2:      layout_rooms, serial_shops, shop
D:3:      layout_rooms, gammafunk_ghost_cemetery, lexackson_kobold_supper
D:4:      layout_loops_ring, portal_sewer_entry_d
D:5:      cheibrodos_quashed, layout_gridville
D:6:      layout_gridville, hex_medium
D:7:      layout_gridville, minmay_temple_entry_statues_fountains
D:8:      layout_loops_ring, minitemple, ebering_ghost_inner_flame,
          nicolae_shop_self_help, uniq_psyche
Temple:   mainiacjoe_temple_cubbyholes

Skill      XL: |  1  2  3  4  5  6  7  8 |
---------------+-------------------------+-----
Spellcasting   | 3 4 5 7 |  7.0
Fighting       | 1 2 3 4 5 |  5.3
Dodging        | 2 3 4 |  4.8
Stealth        | 2 3 |  3.8
Necromancy     | 5 6 |  6.8

Action                   |  1- 3 |  4- 6 |  7- 9 || total
-------------------------+-------+-------+-------++-------
Melee: Staff             |    13 |       |       ||    13
       Punch             |     1 |     1 |     3 ||     5
       Dagger            |       |   126 |   101 ||   227
 Cast: Pain              |    74 |   122 |    63 ||   259
       Vampiric Draining |       |     1 |    48 ||    49
       Animate Dead      |       |       |     1 ||     1
       Agony             |       |       |     2 ||     2
       Blink             |       |       |     1 ||     1
Evoke: Wand              |       |       |     1 ||     1
  Use: Scroll            |       |       |     5 ||     5
Armor: Robe              |    13 |    57 |    72 ||   142
Dodge: Dodged            |    19 |   109 |   158 ||   286
